 Dungeon Crawl Stone Soup version 0.30-a0-652-gcc886f7154 (webtiles) character file.

Game seed: 9527379367077341871

5369 bmack86 the Cleaver (level 10, -9/88 HPs)
             Began as a Minotaur Fighter on Jan 17, 2023.
             Was a High Priest of Okawaru.
             Killed from afar by an acid dragon (21 damage)
             ... with a splash of acid
             ... on level 8 of the Dungeon.
             The game lasted 00:18:22 (7212 turns).

bmack86 the Cleaver (Minotaur Fighter)              Turns: 7212, Time: 00:18:23

Health: -9/88      AC: 10    Str: 25    XL:     10   Next: 39%
Magic:  12/12      EV:  7    Int: 11    God:    Okawaru [*****.]
Gold:   524        SH:  5    Dex: 10    Spells: 9/9 levels left

rFire   . . .      SeeInvis .    G - +5 war axe
rCold   . . .      Faith    .    c - +0 buckler
rNeg    . . .      Spirit   .    p - +0 plate armour
rPois   +          Reflect  .    (helmet restricted)
rElec   .          Harm     .    A - +0 cloak
rCorr   .          Rampage  .    j - +0 pair of gloves
Will    .....                    k - +1 pair of boots Stlth
                                 (no amulet)
HPRegen 0.34/turn                o - +6 ring of intelligence
MPRegen 0.13/turn                x - ring of poison resistance

@: corroded
A: horns 2, retaliatory headbutt
a: Renounce Religion, Heroism, Finesse, Duel


You were on level 8 of the Dungeon.
You worshipped Okawaru.
Okawaru was extremely pleased with you.
You visited 2 branches of the dungeon, and saw 9 of its levels.

You collected 524 gold pieces.

Inventory:

Hand Weapons
 a - a +0 war axe of venom
 F - a +3 battleaxe
 G - a +5 war axe (weapon)
Missiles
 b - 14 poisoned darts (quivered)
 s - 5 javelins
Armour
 c - a +0 buckler (worn)
 j - a +0 pair of gloves (worn)
 k - a +1 pair of boots (worn)
 p - a +0 plate armour (worn)
 A - a +0 cloak (worn)
Jewellery
 o - a +6 ring of intelligence (left hand)
 v - an amulet of magic regeneration
 x - a ring of poison resistance (right hand)
Wands
 u - a wand of flame (42)
Scrolls
 h - 2 scrolls of magic mapping
 l - 3 scrolls of fear
 t - 3 scrolls of teleportation
 y - a scroll of silence {unknown}
 B - a scroll of fog
 C - a scroll of blinking
 D - a scroll of identify
 E - a scroll of poison
Potions
 d - 2 potions of might
 e - 3 potions of brilliance
 f - 3 potions of flight
 g - a potion of berserk rage {unknown}
 i - 5 potions of heal wounds
 m - a potion of mutation
 n - 2 potions of attraction
 q - 4 potions of curing
 r - 2 potions of magic {unknown}
 z - a potion of cancellation {unknown}


   Skills:
 + Level 8.1 Fighting
 * Level 10.4 Axes
 + Level 5.5 Throwing
 + Level 8.0 Armour
 + Level 8.0 Shields
 + Level 5.3 Invocations


You had 9 spell levels left.
You didn't know any spells.
Your spell library contained the following spells:

 Spells                   Type           Power      Damage    Failure   Level
 Ignite Poison            Fire/Tmut/Pois 0%         N/A       100%        3
 Inner Flame              Hex/Fire       0%         N/A       100%        3
 Kindle Blastsparks       Fire/Tloc/Air  0%         2d10      100%        3
 Flame Wave               Conj/Fire      0%         2d4       100%        4
 Sticky Flame             Conj/Fire      0%         2d3       100%        4
 Freezing Cloud           Conj/Ice/Air   0%         6-21      100%        5


Dungeon Overview and Level Annotations

Branches:
Dungeon (8/15)             Temple (1/1) D:7
   Lair: D:8-11

Altars:
Ashenzari
Cheibriados
Dithmenos
Elyvilon
Fedhas
Hepliaklqana
Kikubaaqudgha
Makhleb
Nemelex Xobeh
Okawaru
Ru
Sif Muna
Trog
Uskayaw
Vehumet
Wu Jian
Xom
Yredelemnul
Zin
The Shining One

Shops:
D:5 [

Annotations:
D:7 4 runed translucent doors


Innate Abilities, Weirdness & Mutations

You have a pair of horns on your head.
You reflexively headbutt those who attack you in melee.


Message History

The acid dragon bites you but does no damage.
The acid dragon closely misses you.
You hit the acid dragon but do no damage.
You headbutt the acid dragon, but do no damage.
The acid dragon is moderately wounded.
You block the acid dragon's attack.
The acid dragon claws you but does no damage.
You hit the acid dragon but do no damage.
The acid dragon is moderately wounded.
You block the acid dragon's attack. x2
You slash the acid dragon!
The acid dragon is heavily wounded.
The acid dragon bites you!
* * * LOW HITPOINT WARNING * * *
The acid dragon claws you.
* * * LOW HITPOINT WARNING * * *
You closely miss the acid dragon.
You headbutt the acid dragon, but do no damage.
The acid dragon is heavily wounded.
The acid dragon bites you but does no damage.
The acid dragon claws you but does no damage.
You hit the acid dragon but do no damage.
Your headbutt misses the acid dragon.
The acid dragon is heavily wounded.
You block the acid dragon's attack.
The acid dragon claws you but does no damage.
You slash the acid dragon!
The acid dragon is almost dead.
You block the acid dragon's attack. The acid dragon closely misses you.
You hit the acid dragon but do no damage.
You headbutt the acid dragon, but do no damage.
The acid dragon is almost dead.
The acid dragon bites you but does no damage.
The acid dragon claws you.
* * * LOW HITPOINT WARNING * * *
You closely miss the acid dragon.
The acid dragon is almost dead.
The acid dragon spits acid at you. The splash of acid hits you!!
You die...

#..##.....................[#####
##..###.............######### #
#....##...).......###
##.....#<.))...####
##......##.#### ###.....###
##....## ##....###########
#...(.....@D...#
#........##.....#
#......######....... #......#
....... #.....## ....... #.^...#
....... #.....# ....... #....##
.......


You could see an acid dragon (catching breath).

Vanquished Creatures
  Joseph (D:7)
  3 yaks (D:8)
  2 water moccasins (D:7)
  2 sky beasts (D:8)
  2 orc warriors
  3 black bears
  2 ogres (D:6)
  4 ice beasts
  2 centaurs
  3 bullfrogs (D:6)
  2 necrophages
  4 scorpions
  21 wights
  The ghost of astrocodex43 the Covered, a weakling DgFi (D:3)
  A howler monkey (D:6)
  A gnoll bouda (D:5)
  7 hounds
  11 orc priests
  8 iguanas
  Jessica (D:3)
  7 orc wizards
  7 gnolls
  13 adders
  A shadow imp (D:6)
  3 ufetubi
  4 worms
  2 dart slugs (D:3)
  35 orcs
  13 ball pythons
  A bat (D:1)
  8 endoplasms
  10 giant cockroaches
  7 goblins
  6 hobgoblins
  14 jackals
  3 quokkas
  5 frilled lizards
  10 kobolds
  9 rats
239 creatures vanquished.

Notes
Turn   | Place    | Note
-------+----------+-------------------------------------------
     0 | D:1      | bmack86 the Minotaur Fighter began the quest for the Orb.
     0 | D:1      | Reached XP level 1. HP: 19/19 MP: 0/0
     2 | D:1      | Found a runed translucent door.
    25 | D:1      | Reached XP level 2. HP: 27/27 MP: 1/1
    30 | D:1      | Reached skill level 3 in Axes
   162 | D:1      | Reached XP level 3. HP: 33/33 MP: 2/2
   677 | D:2      | Reached XP level 4. HP: 35/40 MP: 3/3
   781 | D:2      | Reached skill level 4 in Axes
   955 | D:2      | Reached XP level 5. HP: 23/47 MP: 4/4
   958 | D:2      | Reached skill level 1 in Throwing
  1647 | D:3      | Noticed astrocodex43's ghost (weakling DgFi)
  1651 | D:3      | Found a transporter.
  1662 | D:3      | Found a transporter.
  1982 | D:3      | Found a faded altar of an unknown god.
  2097 | D:3      | Found a shimmering altar of Xom.
  2097 | D:3      | Noticed Jessica
  2105 | D:3      | Killed Jessica
  2163 | D:3      | Found an iron altar of Okawaru.
  2173 | D:3      | Became a worshipper of Warmaster Okawaru
  2320 | D:3      | Reached XP level 6. HP: 32/55 MP: 5/5
  2328 | D:3      | Reached skill level 5 in Axes
  2587 | D:3      | Killed astrocodex43's ghost
  2695 | D:4      | Reached * piety under Okawaru
  2696 | D:4      | Reached skill level 5 in Fighting
  2696 | D:4      | Reached skill level 5 in Armour
  2696 | D:4      | Reached skill level 1 in Invocations
  2730 | D:4      | Reached skill level 5 in Shields
  2773 | D:4      | Reached XP level 7. HP: 52/61 MP: 5/7
  2939 | D:4      | Reached skill level 6 in Axes
  2975 | D:4      | Found a glowing golden altar of the Shining One.
  3514 | D:5      | Entered Level 5 of the Dungeon
  3554 | D:5      | Found Desom's Armour Emporium.
  3614 | D:5      | Found a broken altar of Ashenzari.
  3639 | D:5      | Found an ornate altar of the Wu Jian Council.
  3761 | D:5      | Reached ** piety under Okawaru
  3769 | D:5      | Reached XP level 8. HP: 56/70 MP: 8/8
  3803 | D:5      | Reached skill level 7 in Axes
  4304 | D:5      | Found a shimmering blue altar of Sif Muna.
  4392 | D:5      | Found a hide-covered altar of Uskayaw.
  4606 | D:6      | Reached *** piety under Okawaru
  4656 | D:6      | Reached skill level 8 in Axes
  4699 | D:6      | Reached XP level 9. HP: 57/78 MP: 10/10
  5362 | D:7      | Reached **** piety under Okawaru
  5487 | D:7      | Found a huge runed translucent gate.
  5487 | D:7      | Found a huge runed translucent gate.
  5487 | D:7      | Found a huge runed translucent gate.
  5487 | D:7      | Found a huge runed translucent gate.
  5487 | D:7      | Noticed a death yak
  5487 | D:7      | Noticed a polar bear
  5487 | D:7      | Noticed a polar bear
  5487 | D:7      | Noticed a polar bear
  5488 | D:7      | Noticed a manticore
  5488 | D:7      | Noticed a polar bear
  5536 | D:7      | Reached skill level 9 in Axes
  5557 | D:7      | Found a staircase to the Ecumenical Temple.
  5564 | Temple   | Entered the Ecumenical Temple
  6118 | D:7      | Reached skill level 5 in Throwing
  6208 | D:7      | Noticed Joseph
  6223 | D:7      | Killed Joseph
  6223 | D:7      | Received a gift from Okawaru
  6224 | D:7      | Reached XP level 10. HP: 63/88 MP: 12/12
  6686 | D:8      | Reached ***** piety under Okawaru
  6797 | D:8      | Reached skill level 10 in Axes
  6797 | D:8      | Reached skill level 5 in Invocations
  7202 | D:8      | HP: 4/88 [acid dragon (7)]
  7212 | D:8      | Killed from afar by an acid dragon

Illustrated notes

Levels and vault maps discovered:
D:1:      dpeg_arrival_caged_fury, layout_rooms, minmay_tromino_v7
D:2:      layout_basic, minmay_split_cup_large
D:3:      layout_loops_ring, mainiacjoe_overflow_two_lobes,
          hellmonk_ecumenical_altar_leap_of_faith, gammafunk_ghost_arena,
          uniq_jessica
D:4:      layout_gridville, pf_just_have_faith
D:5:      minmay_chambers_of_threes, layout_basic,
          nicolae_sif_muna_condensation, cheibrodos_ashenzari_chains,
          nzn_wu_jian_council_hall, mainiacjoe_overflow_chevrons, serial_shops,
          shop
D:6:      layout_rooms
D:7:      lemuel_bear_cage, layout_basic, minmay_temple_entry_statues_pillars,
          minmay_misc_feat_roman, minivault_11, uniq_joseph
D:8:      layout_layer_cave, supply_closet_lemuel, hangedman_minor_gate_pass
Temple:   nicolae_temple_ecumenical_triangle

Skill      XL: |  1  2  3  4  5  6  7  8  9 10 |
---------------+-------------------------------+-----
Axes           | 3 4 5 6 8 9 10 | 10.4
Fighting       | 4 5 6 7 8 |  8.1
Shields        | 4 5 6 7 8 |  8.0
Armour         | 4 5 6 7 8 |  8.0
Throwing       | 1 2 4 5 |  5.5
Invocations    | 1 2 3 4 5 |  5.3

Action                   |  1- 3 |  4- 6 |  7- 9 | 10-12 || total
-------------------------+-------+-------+-------+-------++-------
Melee: War axe           |    75 |   141 |   289 |    90 ||   595
       Headbutt          |     9 |    26 |    55 |    26 ||   116
Throw: Dart              |       |     2 |       |    13 ||    15
Invok: Heroism           |       |       |     1 |       ||     1
  Use: Scroll            |     7 |     6 |     5 |     1 ||    19
       Potion            |       |       |       |     1 ||     1
Armor: Scale mail        |    48 |       |       |       ||    48
       Plate armour      |     6 |   161 |   247 |    46 ||   460
Dodge: Dodged            |    38 |    64 |   109 |    22 ||   233
Block: Buckler           |    17 |    39 |    81 |    27 ||   164

Table legend: (Time is in decaauts)
 A = Elapsed time spent in this place.
 B = Non-inter-level travel time spent in this place.
 C = Inter-level travel time spent in this place.
 D = Time resting spent in this place.
 E = Time spent auto-exploring this place.
 F = Levels seen in this place.
 G = Mean time per level.
                   A        B        C        D        E       F      G
               +--------+--------+--------+--------+--------+-----+--------+
         Total |   7320 |   7079 |    241 |    410 |   4383 |   9 |  813.3 |
       Dungeon |   7275 |   7034 |    241 |    410 |   4351 |   8 |  909.4 |
        Temple |     44 |     44 |      0 |      0 |     32 |   1 |   44.0 |
               +--------+--------+--------+--------+--------+-----+--------+

Top non-repeatable levels by time:
     D:7: 1292 daAuts
     D:3: 1044 daAuts
     D:2: 1043 daAuts
     D:5: 1021 daAuts
     D:4: 870 daAuts
     D:6: 732 daAuts
     D:1: 637 daAuts
     D:8: 633 daAuts
  Temple: 44 daAuts
